 Dungeon Crawl Stone Soup version 0.31-a0-75-g6fe912e8c5 (webtiles) character file.

Game seed: 430093528586394602

67613 Strat the Unseen (level 15, -6/92 HPs)
             Began as a Kobold Brigand on May 22, 2023.
             Was a Believer of Uskayaw.
             Mangled by an orc warrior
             ... wielding a +0 halberd
              (25 damage)
             ... on level 2 of the Orcish Mines on May 23, 2023.
             The game lasted 00:46:05 (22271 turns).

Strat the Unseen (Kobold Brigand)                  Turns: 22271, Time: 00:46:05

Health: -6/92      AC: 19    Str:  8    XL:     15   Next: 66%
Magic:  25/25      EV: 24    Int: 13    God:    Uskayaw [**....]
Gold:   1872       SH:  0    Dex: 24    Spells: 6/14 levels left

rFire   . . .        a - +6 rapier (elec)
rCold   . . .        (no shield)
rNeg    . . .        H - +0 steam dragon scales
rPois   .            M - +2 hat {Stlth+}
rElec   .            c - +0 cloak
rCorr   .            q - +0 pair of gloves
SInv    .            k - +0 pair of boots
Will    +....        F - amulet of faith
Stlth   +++++++++    g - +4 ring of protection
HPRegen 0.35/turn    h - +4 ring of protection
MPRegen 0.19/turn

%: faith
@: about to teleport, studying Short Blades
A: small, no large weapons, nightstalker 3
a: Renounce Religion, Stomp, Line Pass


You were on level 2 of the Orcish Mines.
You worshipped Uskayaw.
Uskayaw was pleased with you.
You visited 3 branches of the dungeon, and saw 19 of its levels.
You also visited: Sewer and Bailey.

You collected 1872 gold pieces.

Inventory:

Hand Weapons
 a - a +6 rapier of electrocution (weapon)
 b - a +2 dagger of venom
Missiles
 d - 29 poisoned darts (quivered)
 e - 6 curare-tipped darts
Armour
 c - a +0 cloak (worn)
 k - a +0 pair of boots (worn)
 q - a +0 pair of gloves (worn)
 H - +0 steam dragon scales (worn)
 M - a +2 hat of stealth (worn)
 T - the +1 robe "Geatoi" {rElec rN+ Archmagi}
   (You found it on level 5 of the Lair of Beasts)

   rElec:     It insulates you from electricity.
   rN:        It protects you from negative energy.
   Archmagi:  It increases the power of your magical spells.
Jewellery
 g - a +4 ring of protection (left hand)
 h - a +4 ring of protection (right hand)
 v - a ring of positive energy
 F - an amulet of faith (around neck)
 J - a ring of resist corrosion
 L - an amulet of regeneration
Wands
 m - a wand of iceblast (11)
 s - a wand of flame (36)
 I - a wand of polymorph (9)
 O - a wand of acid (6)
 Q - a wand of paralysis (5)
Scrolls
 i - 3 scrolls of vulnerability
 l - 3 scrolls of magic mapping
 r - 4 scrolls of teleportation
 C - a scroll of fog
 S - a scroll of amnesia
 U - a scroll of acquirement
Potions
 n - 2 potions of ambrosia
 o - a potion of lignification {unknown}
 p - 2 potions of mutation
 t - 4 potions of might
 u - 3 potions of brilliance
 w - 5 potions of haste
 x - 3 potions of resistance
 z - 2 potions of enlightenment
 B - 2 potions of magic
 E - 10 potions of curing
 K - 2 potions of invisibility
 N - 2 potions of berserk rage {unknown}


   Skills:
 - Level 10.0 Fighting
 - Level 14.0 Short Blades
 - Level 2.1 Throwing
 - Level 3.4 Armour
 - Level 10.0 Dodging
 + Level 16.7 Stealth
 - Level 8.0 Hexes
 + Level 9.7 Translocations
 + Level 13.8 Invocations


You had 6 spell levels left.
You knew the following spells:

 Your Spells              Type           Power      Damage    Failure   Level
a - Blink                 Tloc           50%        N/A       1%          2
b - Ensorcelled Hibernat  Hex/Ice        20%        N/A       9%          2
c - Passage of Golubria   Tloc           25%        N/A       5%          4

Your spell library contained the following spells:

 Spells                   Type           Power      Damage    Failure   Level
 Portal Projectile        Hex/Tloc       46%        N/A       2%          3
 Tukima's Dance           Hex            20%        N/A       3%          3
 Manifold Assault         Tloc           25%        N/A       5%          4
 Volatile Blastmotes      Fire/Tloc      24%        2d12      13%         3
 Sting                    Tmut/Pois      0%         1d3       30%         1
 Iskenderun's Mystic Bla  Conj/Tloc      12%        2d5       38%         4
 Cigotuvi's Dreadful Rot  Necr/Pois/Air  0%         N/A       43%         2
 Passwall                 Tmut/Erth      0%         N/A       43%         2
 Fulminant Prism          Conj/Hex       5%         3d7       52%         4
 Ignite Poison            Fire/Tmut/Pois 0%         N/A       67%         3
 Stone Arrow              Conj/Erth      0%         3d7       67%         3
 Swiftness                Air            0%         N/A       67%         3
 Yara's Violent Unravell  Hex/Tmut       5%         3d4       86%         5
 Animate Armour           Summ/Erth      0%         N/A       97%         4
 Dispel Undead            Necr           0%         3d6       97%         4
 Sticky Flame             Conj/Fire      0%         2d3       97%         4
 Blade Hands              Tmut           0%         N/A       100%        5
 Lee's Rapid Deconstruct  Erth           0%         3d4*      100%        5
 Death Channel            Necr           0%         N/A       100%        6
 Statue Form              Tmut/Erth      0%         N/A       100%        6
 Storm Form               Tmut/Air       0%         N/A       100%        7
 Ignition                 Fire           0%         3d3       100%        8
 Lehudib's Crystal Spear  Conj/Erth      0%         10d2      100%        8


Dungeon Overview and Level Annotations

Branches:
Dungeon (12/15)            Temple (0/1) D:6            Lair (5/5) D:10
  Swamp (0/4) Lair:2        Snake (0/4) Lair:3        Slime (0/5) Lair:4
    Orc (2/2) D:12            Elf (0/3) Orc:2         Sewer (visited)
 Bailey (visited)

Altars:
Cheibriados
Fedhas
Gozag
Makhleb
Uskayaw
Vehumet
Zin
The Shining One
Jiyva

Shops:
D:9 :   Orc:2 (

Annotations:
D:3 Natasha
D:9 3 runed translucent doors, patfeehan111222's ghost, novice DsBe
Lair:2 exclusion: oklob plant


Innate Abilities, Weirdness & Mutations

You are small and have problems with some larger weapons.
You are completely attuned to the shadows.


Message History

* * * LOW HITPOINT WARNING * * *
The orc knight burns you!
* * * LOW HITPOINT WARNING * * *
The orc high priest repeatedly yells encouragement to no one in particular.
The orc high priest misses you.
The orc warrior hits you from afar with a +0 halberd!
* * * LOW HITPOINT WARNING * * *
You hear a shout!
Okay, then.
Okay, then.
You feel much better. The orc warrior barely misses you.
The orc knight roars a battlecry!
The orc warriors go into a battle-frenzy!
The orc knight roars a battlecry!
The orcs go into a battle-frenzy!
The orc priest calls down the wrath of Beogh upon you.
Beogh smites you!
* * * LOW HITPOINT WARNING * * *
The orc knight roars a battlecry!
The orc warrior closely misses you.
Things that are here:
a +1 dagger of venom; an orc corpse You feel much better.
The orc high priest hits you with a +1 heavy dire flail!
* * * LOW HITPOINT WARNING * * *
The orc warrior completely misses you.
An orc warrior comes into view. It is wielding a +0 dire flail.
The orc knight roars a battlecry!
The orc priest looks satisfied for a moment.
As you read the scroll of teleportation, it crumbles to dust.
You feel strangely unstable.
An orc warrior comes into view. It is wielding a +0 long sword.
An orc warrior comes into view.
It is wielding a +2 flail of protection.
The orc knight misses you. The orc warrior misses you.
The orc warrior hits you from afar with a +0 halberd!
* * * LOW HITPOINT WARNING * * *
The orc warrior misses you.
You feel much better.
The orc warrior hits you from afar with a +0 halberd!!
You die...

........##
.#...#..#
.......##
##.#.###
#.....#
##.#.###
.......##
.#...#o.#
.o.ooo@)##
.#..o#oo.#


.ooooo..# #..o#o...# ..o.oo...# .. #....# You could see 3 orc knights, an orc
high priest (strong), 10 orc warriors and 2 orc priests.

Vanquished Creatures
  Gastronok (D:10)
  An orc warlord (Orc:2)
  An ettin (Orc:1)
  Josephine (D:10)
  3 hydras
  3 catoblepae (Lair:5)
  An ogre mage (D:12)
  4 two-headed ogres (D:12)
  3 boulder beetles
  6 death yaks
  An orc high priest (Orc:2)
  A fire crab (Lair:4)
  2 skysharks
  2 orc knights (Orc:2)
  3 orc sorcerers
  3 ugly things
  4 manticores
  A cyclops (D:12)
  8 black mambas
  2 torpor snails
  14 cane toads
  A gargoyle (D:12)
  5 komodo dragons
  Maggie (D:10)
  8 trolls
  A polar bear (Lair:2)
  13 blink frogs
  50 yaks
  2 shadows
  3 slime creatures
  A vampire (D:8)
  3 wyverns
  4 wraiths (D:10)
  A basilisk (Lair:4)
  5 steam dragons
  4 vampire mosquitoes (D:11)
  6 wargs
  3 swamp worms (Lair:2)
  Edmund (D:6)
  An acid dragon (D:10)
  15 water moccasins
  A hornet zombie (D:7)
  39 orc warriors
  An ice beast (D:7)
  4 black bears
  30 wolves
  5 ogres
  11 centaurs
  A phantom (D:5)
  4 kobold brigands (Sewer)
  12 bullfrogs
  2 scorpions
  10 wights
  11 killer bees
  2 electric eels (Lair:2)
  2 howler monkeys
  2 centaur zombies (D:7)
  4 hounds
  21 orc priests
  6 jellies
  Natasha (D:3)
  2 iguanas (D:5)
  7 hell rats (Lair:4)
  15 orc wizards
  3 killer bee zombies (D:7)
  2 howler monkey zombies (D:7)
  10 adders
  A river rat (Sewer)
  An ufetubus (D:5)
  3 worms
  4 dart slugs
  98 orcs
  10 ball pythons
  9 endoplasms
  8 giant cockroaches
  11 goblins
  6 hobgoblins
  10 jackals
  7 quokkas
  6 bats
  7 frilled lizards
  10 kobolds
  9 rats
601 creatures vanquished.

Vanquished Creatures (others)
  An orc (D:8)
1 creature vanquished.

Grand Total: 602 creatures vanquished

Notes
Turn   | Place    | Note
-------+----------+-------------------------------------------
     0 | D:1      | Strat the Kobold Brigand began the quest for the Orb.
     0 | D:1      | Reached XP level 1. HP: 12/12 MP: 1/1
   145 | D:1      | Reached XP level 2. HP: 17/17 MP: 2/2
   249 | D:1      | Reached XP level 3. HP: 22/22 MP: 3/3
   987 | D:2      | Reached skill level 6 in Stealth
   998 | D:2      | Reached XP level 4. HP: 27/27 MP: 4/4
  1521 | D:2      | Found a faded altar of an unknown god.
  2108 | D:3      | Noticed Natasha
  2112 | D:3      | Killed Natasha
  2113 | D:3      | Reached XP level 5. HP: 32/32 MP: 5/5
  2256 | D:3      | Found a glowing drain.
  2307 | Sewer    | Entered a sewer
  2433 | Sewer    | Noticed a kobold brigand
  2442 | Sewer    | Killed a kobold brigand
  2443 | Sewer    | Reached skill level 7 in Stealth
  2443 | Sewer    | Reached XP level 6. HP: 37/37 MP: 6/6
  2517 | Sewer    | Reached skill level 5 in Short Blades
  2565 | Sewer    | Reached XP level 7. HP: 41/41 MP: 7/7
  2640 | Sewer    | Reached skill level 8 in Stealth
  3027 | D:3      | Noticed Natasha
  3405 | D:4      | Identified a scroll of acquirement
  3405 | D:4      | Acquired a +4 rapier of electrocution
  3869 | D:4      | Reached XP level 8. HP: 34/48 MP: 8/8
  3926 | D:4      | Found a burning altar of Makhleb.
  3951 | D:4      | Reached skill level 9 in Stealth
  4108 | D:4      | Found a hide-covered altar of Uskayaw.
  4113 | D:4      | Became a worshipper of Uskayaw the Reveller
  4121 | D:4      | Found a radiant altar of Vehumet.
  4241 | D:5      | Entered Level 5 of the Dungeon
  4322 | D:5      | Reached * piety under Uskayaw
  4431 | D:5      | Found an opulent altar of Gozag.
  4653 | D:5      | Reached ** piety under Uskayaw
  4759 | D:5      | Reached skill level 10 in Stealth
  4848 | D:5      | Reached skill level 5 in Dodging
  4873 | D:5      | Reached skill level 5 in Fighting
  5159 | D:6      | Reached XP level 9. HP: 54/54 MP: 9/9
  5178 | D:6      | Noticed Edmund
  5182 | D:6      | Killed Edmund
  5290 | D:6      | Found a staircase to the Ecumenical Temple.
  5701 | D:6      | Found a blossoming altar of Fedhas.
  5701 | D:6      | Found a glowing silver altar of Zin.
  5701 | D:6      | Found a glowing golden altar of the Shining One.
  5849 | D:7      | Reached *** piety under Uskayaw
  5897 | D:7      | Reached skill level 10 in Short Blades
  5906 | D:7      | Found a snail-covered altar of Cheibriados.
  6324 | D:7      | Reached **** piety under Uskayaw
  6405 | D:7      | Reached XP level 10. HP: 53/63 MP: 10/10
  6415 | D:7      | Reached ***** piety under Uskayaw
  7162 | D:8      | Noticed a manticore
  7171 | D:8      | Killed a manticore
  8037 | D:8      | Learned a level 2 spell: Blink
  8040 | D:8      | Learned a level 2 spell: Ensorcelled Hibernation
  8045 | D:8      | Learned a level 4 spell: Passage of Golubria
  8148 | D:9      | Reached skill level 1 in Invocations
  8159 | D:9      | Reached skill level 10 in Dodging
  8300 | D:9      | Found Fux Heov's Tremendous Tomes.
  8552 | D:9      | Found a runed translucent gate.
  8553 | D:9      | Found a runed translucent gate.
  8553 | D:9      | Found a runed translucent gate.
  8591 | D:9      | Noticed patfeehan111222's ghost (novice DsBe)
  8596 | D:9      | Noticed a kobold demonologist
  8923 | D:10     | Entered Level 10 of the Dungeon
  8923 | D:10     | Noticed Josephine
  8924 | D:10     | Killed Josephine
  8925 | D:10     | Reached skill level 10 in Fighting
  8925 | D:10     | Reached XP level 11. HP: 72/72 MP: 12/12
  8989 | D:10     | Found a flagged portal.
  9005 | Bailey   | Entered a bailey
  9294 | Bailey   | Identified the +6 bardiche "Zourchooll" {heavy, Str+5}
  9799 | D:10     | Reached XP level 12. HP: 77/77 MP: 14/17
  9959 | D:10     | Noticed Maggie
  9962 | D:10     | Killed Maggie
 10115 | D:10     | Noticed Gastronok
 10126 | D:10     | Killed Gastronok
 10581 | D:10     | Found a staircase to the Lair.
 10614 | D:11     | Reached skill level 1 in Translocations
 10801 | D:11     | Got the Incunable of Peccant Terrain
 10957 | D:11     | Reached XP level 13. HP: 82/82 MP: 19/19
 10966 | D:11     | Reached skill level 5 in Hexes
 11044 | D:11     | Reached skill level 11 in Stealth
 12287 | D:12     | Identified the +8 long sword of Big Damage {heavy, rElec
                  | rPois rC- Dex+3}
 12294 | D:12     | Noticed a catoblepas
 12316 | D:12     | Noticed an ogre mage
 12507 | Lair:1   | Entered Level 1 of the Lair of Beasts
 12565 | Lair:1   | Reached skill level 12 in Stealth
 12569 | Lair:1   | Reached skill level 10 in Invocations
 12645 | Lair:1   | Identified the +0 plate armour of Vameohyi {Str+4 Int-3}
 13376 | Lair:2   | Reached skill level 5 in Translocations
 13791 | Lair:2   | Found a staircase to the Swamp.
 14032 | Lair:2   | Noticed a six-headed hydra
 14127 | Lair:3   | Found a staircase to the Snake Pit.
 14371 | Lair:3   | Reached XP level 14. HP: 79/88 MP: 21/21
 14417 | Lair:3   | Reached skill level 13 in Stealth
 14439 | Lair:3   | Identified the +3 rapier "Hacwol" {flame, rN+ Will+ MP+9
                  | Int-3}
 15056 | Lair:3   | Identified the +2 plate armour of the Toothy God {Will++
                  | Str-2}
 15514 | Lair:4   | Found a staircase to the Slime Pits.
 15514 | Lair:4   | Found a viscous altar of Jiyva.
 15813 | Lair:4   | Reached ****** piety under Uskayaw
 16662 | Lair:4   | Reached skill level 14 in Stealth
 16928 | Lair:5   | Entered Level 5 of the Lair of Beasts
 18388 | Lair:5   | Reached skill level 15 in Stealth
 18920 | Lair:5   | Reached XP level 15. HP: 92/92 MP: 24/24
 19273 | Lair:5   | Identified the +1 robe "Geatoi" {rElec rN+ Archmagi}
 19874 | D:12     | Found a staircase to the Orcish Mines.
 20121 | D:12     | Noticed a fire giant
 20269 | Orc:1    | Entered Level 1 of the Orcish Mines
 20327 | Orc:1    | Reached skill level 16 in Stealth
 21050 | Orc:2    | Entered Level 2 of the Orcish Mines
 21324 | Orc:2    | Noticed an orc warlord
 21533 | Orc:2    | Paralysed by an orc sorcerer for 5 turns
 21685 | Orc:1    | Upgraded the game from 0.31-a0-66-ge618eeaa78 to
                  | 0.31-a0-75-g6fe912e8c5
 21701 | Orc:2    | Killed an orc warlord
 21848 | Orc:2    | Found Xoarak's Weapon Emporium.
 21921 | Orc:2    | Found a staircase to the Elven Halls.
 22271 | Orc:2    | Mangled by an orc warrior

Illustrated notes

Levels and vault maps discovered:
D:1:      wander_arrival_desolate, layout_rooms, minmay_misc_feat_four_crosses
D:2:      layout_loops_corners, basic_ecumenical_altar
D:3:      layout_basic, gup_sewer_entry_pipe, minivault_25, uniq_natasha
D:4:      layout_rooms, mainiacjoe_overflow_brackets,
          amethyst_overflow_temple_binary
D:5:      layout_cave_pods, mainiacjoe_overflow_six_doors_small, chequers_garden
D:6:      layout_cave_pools, gammafunk_temple_overflow_claw,
          minmay_temple_entry_drinking_statues, uniq_edmund
D:7:      layout_cave_pools, cheibriados_altar_1, serial_undead,
          serial_undead_c, serial_undead_c, serial_undead_e, serial_undead_e,
          serial_undead_c, serial_undead_e, serial_undead_b, serial_undead_f,
          minmay_fractal_squares_gapless_5
D:8:      layout_basic, nzn_life_drinkers
D:9:      layout_loops_cross, gammafunk_ghost_nasty_kobolds,
          nicolae_shop_i_like_big_books, st_stairs_7, minivault_4
D:10:     layout_loops_ring, lair_entry_dummy, enter_bailey_3,
          kb_lookout_dungeons_type, kennysheep_generic_room_15, uniq_gastronok,
          uniq_maggie, uniq_josephine
D:11:     layout_long_grid
D:12:     layout_irregular_city, minmay_orc_entry_guard_dogs, serial_rivers,
          chequers_serial_rivers_micro_d, chequers_serial_rivers_micro_b,
          chequers_serial_rivers_room_b, chequers_serial_rivers_micro_c,
          chequers_serial_rivers_small_b, chequers_serial_rivers_micro_b,
          minmay_three_doors
Lair:1:   layout_regular_city, lemuel_fruit_tree, grunt_megastairs_3
Lair:2:   layout_roguey, nicolae_swamp_entry_splash_gauntlet,
          minmay_lair_oklob_items, hibernation_bobbens,
          infiniplex_staircase_pool
Lair:3:   layout_cave_pods, minmay_snake_entry_six_corridors
Lair:4:   layout_regular_city, minmay_slime_entry_pillars
Lair:5:   evilmike_catoblepas_cave, layout_cave_pods,
          eino_small_chamber_without_monster,
          eino_small_chamber_without_monster, grunt_megastairs_5,
          serial_bayou_shore_b
Orc:1:    nicolae_orc_accident_2, layout_caves, david_defended_altar_orc
Orc:2:    st_orc_pillars, layout_caves, serial_shops, shop_fountains

Skill      XL: |  1  2  3  4  5  6  7  8  9 10 11 12 13 14 15 |
---------------+----------------------------------------------+-----
Short Blades   | 3 4 5 6 8 10 11 13 14 | 14.0
Dodging        | 2 3 5 7 10 | 10.0
Stealth        | 6 7 8 10 12 15 16 | 16.7
Fighting       | 3 4 5 7 10 | 10.0
Invocations    | 2 6 8 10 12 13 | 13.8
Armour         | 3 |  3.4
Hexes          | 4 7 8 |  8.0
Translocations | 2 5 8 9 |  9.7
Throwing       | |  2.1

Action                     |  1- 3 |  4- 6 |  7- 9 | 10-12 | 13-15 || total
---------------------------+-------+-------+-------+-------+-------++-------
  Melee: Dagger            |    65 |   159 |   147 |   175 |       ||   546
         Short sword       |       |       |   110 |       |       ||   110
         Rapier            |       |       |    76 |   235 |  1109 ||  1420
         Punch             |       |       |     4 |     5 |    16 ||    25
   Cast: Ensorcelled Hiber |       |       |       |       |     3 ||     3
  Evoke: Wand              |       |     4 |       |     2 |     3 ||     9
    Use: Scroll            |       |       |    18 |     3 |    15 ||    36
         Potion            |       |       |     4 |     2 |    12 ||    18
   Stab: Sleeping          |    21 |    15 |    22 |    31 |    61 ||   150
         Distracted        |       |     1 |     4 |     5 |    10 ||    20
         Paralysed         |       |       |     3 |    12 |    51 ||    66
 Armour: Robe              |    12 |    32 |    95 |    15 |       ||   154
         Steam dragon scal |       |       |       |    68 |   250 ||   318
  Dodge: Dodged            |    28 |    87 |   212 |   329 |   937 ||  1593

Table legend: (Time is in decaauts)
 A = Elapsed time spent in this place.
 B = Non-inter-level travel time spent in this place.
 C = Inter-level travel time spent in this place.
 D = Time resting spent in this place.
 E = Time spent auto-exploring this place.
 F = Levels seen in this place.
 G = Mean time per level.
                   A        B        C        D        E       F      G
               +--------+--------+--------+--------+--------+-----+--------+
         Total |  21571 |  20789 |    782 |   1951 |  14116 |  21 | 1027.2 |
       Dungeon |  11498 |  10997 |    501 |    777 |   8096 |  12 |  958.2 |
          Lair |   6690 |   6464 |    226 |    857 |   4300 |   5 | 1338.0 |
  Orcish Mines |   1847 |   1793 |     54 |    288 |    943 |   2 |  923.5 |
         Sewer |    781 |    781 |      0 |     12 |    534 |   1 |  781.0 |
        Bailey |    753 |    753 |      0 |     17 |    242 |   1 |  753.0 |
               +--------+--------+--------+--------+--------+-----+--------+

Top non-repeatable levels by time:
  Lair:5: 2060 daAuts
  Lair:4: 1747 daAuts
    D:11: 1366 daAuts
  Lair:3: 1365 daAuts
    D:12: 1197 daAuts
     D:2: 1150 daAuts
     D:8: 1093 daAuts
     D:7: 1024 daAuts
   Orc:1: 1000 daAuts
     D:3: 929 daAuts
     D:5: 887 daAuts
     D:4: 885 daAuts
    D:10: 885 daAuts
     D:9: 853 daAuts
   Orc:2: 846 daAuts
